 Dungeon Crawl Stone Soup version 0.23.2-1-ga50397a (webtiles) character file.

Game seed: 2779438432369564669

359 IBeShadow the Gusty (level 6, 0/37 HPs)
             Began as a Tengu Air Elementalist on May 15, 2019.
             Slain by a bullfrog (6 damage)
             ... on level 4 of the Dungeon.
             The game lasted 00:10:43 (4574 turns).

IBeShadow the Gusty (Tengu Air Elementalist)        Turns: 4574, Time: 00:10:44

Health: 0/37       AC:  4    Str:  8 (11) XL:     6   Next: 65%
Magic:  9/10       EV: 14    Int: 13 (15) God:
Gold:   176        SH:  0    Dex: 13 (14) Spells: 6/9 levels left

rFire    . . .     SeeInvis .   b - +0 dagger (elec)
rCold    . . .     Gourm    .   (no shield)
rNeg     . . .     Faith    .   f - +1 leather armour
rPois    .         Spirit   .   (helmet restricted)
rElec    .         Reflect  .   (no cloak)
rCorr    .         Harm     .   (no gloves)
MR       .....                  (boots unavailable)
Stlth    ++........             (no amulet)
HPRegen  0.12/turn              (no ring)
MPRegen  0.12/turn              (no ring)

@: sluggish, flying quickly and evasively, very slightly contaminated, hasted,
quick
A: beak, talons 3, able to fly
a: Stop Flying


You were on level 4 of the Dungeon.
You were hungry.

You visited 1 branch of the dungeon, and saw 4 of its levels.

You collected 176 gold pieces.

Inventory:

Hand Weapons
 b - a +0 dagger of electrocution (weapon)
Armour
 a - a +0 robe
 f - a +1 leather armour (worn)
Scrolls
 g - 2 scrolls of identify
 j - a scroll of magic mapping {unknown}
 l - a scroll of teleportation {unknown}
 m - 3 scrolls of remove curse
 n - a scroll of fog {unknown}
 p - a scroll of enchant armour
Potions
 d - a potion of flight
Comestibles
 c - 7 rations
 i - 2 chunks of flesh


   Skills:
 + Level 3.2 Fighting
 + Level 2.3 Short Blades
 - Level 2.1 Dodging
 - Level 2.0 Stealth
 - Level 2.0 Spellcasting
 + Level 4.4 Conjurations
 + Level 1.1 Charms
 + Level 5.9 Air Magic


You had 6 spell levels left.
You knew the following spells:

 Your Spells              Type           Power        Failure   Level  Hunger
a - Shock                 Conj/Air       ##..         4%          1    ##.....
b - Swiftness             Chrm/Air       ##......     13%         2    ###....

Your spell library contained the following spells:

 Spells                   Type           Power        Failure   Level  Hunger
 Static Discharge         Conj/Air       ##......     13%         3    ####...
 Airstrike                Air            ###.......   32%         4    #####..
 Lightning Bolt           Conj/Air       ##........   77%         5    ######.


Dungeon Overview and Level Annotations

Branches:
Dungeon (4/15)
 Temple: D:4-7

Altars:
Ru


Innate Abilities, Weirdness & Mutations

You have a beak for a mouth.
You have claws for feet.
You can fly continuously.


Message History

The bullfrog is lightly wounded.
The zap hits the orc.
You kill the orc!
The zap hits the orc wizard.
The orc wizard is moderately wounded.
The bullfrog completely misses you.
The bullfrog hits you but does no damage.
The bullfrog hits you.
Okay, then.
It was a potion of degeneration.
There was something very wrong with that liquid.
You feel weakened.
You feel dopey.
You feel clumsy. The bullfrog hits you!
* * * LOW HITPOINT WARNING * * *
It was a potion of haste.
You feel yourself speed up.
You start to feel a little faster.
The bullfrog hits you.
* * * LOW HITPOINT WARNING * * *
The bullfrog hits you.
You die...

#.....[[.....#
#.......)....#
######..####.#
##......#
#..[...#
#......#
#......#
#......#
#.....@#
##....F##
#.#[.o.#
#####.#....#
#..........#
.####...o.#
#..#)## ##.#.#
#...#


You could see a bullfrog, an orc wizard and an orc.

Vanquished Creatures
  A howler monkey (D:4)
  2 orc priests (D:4)
  A hound (D:3)
  2 orc wizards (D:4)
  A worker ant (D:4)
  A gnoll (D:1)
  3 adders (D:2)
  2 oozes
  3 worms
  3 dart slugs (D:1)
  3 leopard geckos
  4 orcs
  8 giant cockroaches
  9 goblins
  6 hobgoblins
  4 jackals (D:3)
  9 kobolds
  A quokka (D:3)
  2 ball pythons
  11 bats
  7 frilled lizards
  A quokka skeleton (D:4)
  12 rats
96 creatures vanquished.

Notes
Turn   | Place    | Note
-------+----------+-------------------------------------------
     0 | D:1      | IBeShadow the Tengu Air Elementalist began the quest for
                  | the Orb.
     0 | D:1      | Reached XP level 1. HP: 10/10 MP: 4/4
   134 | D:1      | Reached XP level 2. HP: 16/16 MP: 0/6
   241 | D:1      | Reached skill level 1 in Fighting
   644 | D:1      | Reached XP level 3. HP: 4/20 MP: 4/7
  1778 | D:2      | Reached XP level 4. HP: 26/26 MP: 3/8
  1786 | D:2      | Reached skill level 5 in Air Magic
  3053 | D:3      | Gained mutation: You can fly continuously. [Tengu growth]
  3053 | D:3      | Reached XP level 5. HP: 30/30 MP: 9/9
  3111 | D:3      | Reached skill level 1 in Short Blades
  3182 | D:3      | Found a sacrificial altar of Ru.
  4122 | D:4      | Learned a level 2 spell: Swiftness
  4192 | D:4      | Reached XP level 6. HP: 29/36 MP: 10/10
  4367 | D:4      | Reached skill level 1 in Charms
  4574 | D:4      | Slain by a bullfrog

Skill      XL: |  1  2  3  4  5  6 |
---------------+-------------------+-----
Conjurations   | 2 3 4 |  4.4
Fighting       | 1 2 3 |  3.2
Air Magic      | 5 |  5.9
Short Blades   | 1 2 |  2.3
Charms         | 1 |  1.1
Dodging        | |  2.1
Stealth        | |  2.0
Spellcasting   | |  2.0

Action                   |  1- 3 |  4- 6 || total
-------------------------+-------+-------++-------
Melee: Dagger            |    26 |   119 ||   145
       Peck              |    10 |    12 ||    22
       Kick              |    17 |    22 ||    39
       Whip              |    45 |     8 ||    53
       Spear             |    20 |       ||    20
Throw: Tomahawk          |     4 |     2 ||     6
 Cast: Shock             |    17 |    51 ||    68
       Swiftness         |       |     1 ||     1
 Abil: Fly               |       |     1 ||     1
  Use: Scroll            |     3 |     1 ||     4
       Potion            |       |     3 ||     3
 Stab: Sleeping          |     4 |     6 ||    10
  Eat: Chunk             |     3 |     9 ||    12
Armor: Robe              |     5 |       ||     5
       Leather armour    |    25 |    29 ||    54
Dodge: Dodged            |    70 |    86 ||   156
